 Dungeon Crawl Stone Soup version 0.19.0-2-gae57169 (webtiles) character file.

90 emikaela the Stinger (level 4, 0/37 HPs)
             Began as a Centaur Venom Mage on Nov 6, 2016.
             Was an Initiate of Trog.
             Succumbed to a crimson imp's poison
             ... on level 3 of the Dungeon.
             The game lasted 00:16:07 (4798 turns).

emikaela the Stinger (Centaur Venom Mage)           Turns: 4798, Time: 00:16:08

Health: 0/37       AC:  4    Str:  8 (10) XL:     4   Next: 32%
Magic:  6/6        EV:  9    Int: 12 (14) God:    Trog [......]
Gold:   52         SH:  5    Dex:  9 (11) Spells: 1 memorised, 5 levels left

rFire  . . .     SeeInvis .     p - +0 spear
rCold  . . .     Gourm    .     a - +0 robe
rNeg   . . .     Faith    .     l - +2 buckler
rPois  .         Spirit   .     (no helmet)
rElec  .         Reflect  .     (no cloak)
rCorr  .         Harm     .     (no gloves)
MR     .....                    (no barding)
Stlth  +.........               (no amulet)
                                (no ring)
                                (no ring)

@: lethally poisoned (0 -> -2), very slightly contaminated, very quick
A: hooves 3, deformed body, speed 2, tough skin 3
a: Burn Spellbooks, Renounce Religion


You were on level 3 of the Dungeon.
You worshipped Trog.
Trog was noncommittal.
You were hungry.

You visited 1 branch of the dungeon, and saw 4 of its levels.

You collected 52 gold pieces.

Inventory:

Hand Weapons
 p - a +0 spear (weapon)
Missiles
 e - 73 arrows
 f - 115 stones (quivered)
 q - 14 poisoned needles
Armour
 a - a +0 robe (worn)
 l - a +2 buckler (worn)
Wands
 d - a wand of confusion (27/48)
 o - a wand of teleportation (0/9)
Scrolls
 b - a scroll of immolation {unknown}
 g - 2 scrolls of noise {unknown}
 h - a scroll of identify {unknown}
 i - a scroll of magic mapping
 j - a scroll of blinking {unknown}
 m - a scroll of recharging {unknown}
 n - a scroll of fog {unknown}
 r - a scroll of remove curse {unknown}
Comestibles
 c - a bread ration


   Skills:
 + Level 2.3 Fighting
 - Level 1.3 Dodging
 - Level 1.1 Stealth
 - Level 1.0 Shields
 - Level 1.5 Spellcasting
 - Level 2.1 Conjurations
 - Level 3.2 Poison Magic


You had 5 spell levels left.
You knew the following spells:

 Your Spells              Type           Power        Failure   Level  Hunger
a - Sting                 Conj/Pois      #...         14%         1    ##.....


Dungeon Overview and Level Annotations

Branches:
Dungeon (4/15)
 Temple: D:4-7

Altars:
Trog
Xom

Annotations:
D:2 Natasha


Innate Abilities, Weirdness & Mutations

You have hooves in place of feet.
Armour fits poorly on your strangely shaped body.
You cover ground very quickly.
You have extremely tough skin. (AC +3)


Message History

* * * LOW HITPOINT WARNING * * *
You feel sick.
You flicker back into view.
* * * LOW HITPOINT WARNING * * *
You feel sick.
* * * LOW HITPOINT WARNING * * *
You feel sick.
* * * LOW HITPOINT WARNING * * *
You feel sick.
* * * LOW HITPOINT WARNING * * *
You feel sick.
* * * LOW HITPOINT WARNING * * *
You feel sick.
* * * LOW HITPOINT WARNING * * *
You feel sick.
* * * LOW HITPOINT WARNING * * *
You feel sick.
* * * LOW HITPOINT WARNING * * *
You feel sick.
You die...

..###.#..# ###.### ##.... ..#
#.#..# #.# ##.## ..###.#..##
##.## #.# ..........# #...# #.#
..#####.#.# #...# ##+##
..#####.#.# #...## ##...#
#.......#.# ###..#.#### ##.....
######.##.# #.........# ##......
.####...#.####.#@......###.......
.'.......................'.......
.####...#.####.##......###.......
## ##.##.# #.##....#.# ##...... #
##...# #.##...##.# ##..... #.###
#.###.###.# ##...# #.#
#.###5###.# ##'## #.# #.........#
#.## #.# #####.##### #...


You could see a crimson imp (wandering).

Vanquished Creatures
  3 adders
  An ooze (D:1)
  A worm (D:2)
  A dart slug (D:1)
  4 orcs (D:3)
  5 giant cockroaches
  4 goblins
  4 hobgoblins
  4 jackals
  A ball python (D:2)
  7 bats
  8 frilled lizards
  A kobold (D:1)
  7 rats
51 creatures vanquished.

Notes
Turn   | Place    | Note
-------+----------+-------------------------------------------
     0 | D:1      | emikaela the Centaur Venom Mage began the quest for the Orb.
     0 | D:1      | Reached XP level 1. HP: 14/14 MP: 3/3
   244 | D:1      | Reached skill level 1 in Conjurations
   540 | D:1      | Reached XP level 2. HP: 20/20 MP: 0/4
  2119 | D:1      | Reached XP level 3. HP: 26/26 MP: 1/5
  2352 | D:2      | Found a bloodstained altar of Trog.
  2364 | D:2      | Became a worshipper of Trog the Wrathful
  2753 | D:2      | Reached skill level 1 in Shields
  2973 | D:2      | Reached skill level 1 in Fighting
  3404 | D:2      | Noticed Natasha
  3494 | D:3      | Noticed a black bear
  3560 | D:3      | Reached XP level 4. HP: 34/36 MP: 6/6
  4347 | D:4      | Noticed an ogre
  4705 | D:3      | Found a shimmering altar of Xom.
  4792 | D:3      | HP: 1/37 [poisoned by a crimson imp]
  4798 | D:3      | Succumbed to a crimson imp's poison

Skill      XL: |  1  2  3  4 |
---------------+-------------+-----
Conjurations   | 1 2 |  2.1
Shields        | 1 |  1.0
Fighting       | 1 2 |  2.3
Dodging        | |  1.3
Stealth        | |  1.1
Spellcasting   | |  1.5
Poison Magic   | |  3.2

Action                   |  1- 3 |  4- 6 || total
-------------------------+-------+-------++-------
Melee: Unarmed           |    15 |       ||    15
       Kick              |    10 |    18 ||    28
       Spear             |   110 |   112 ||   222
Throw: Stone             |     2 |     3 ||     5
 Cast: Sting             |    75 |       ||    75
Invok: Burn Spellbooks   |     1 |       ||     1
Evoke: Wand              |       |     1 ||     1
  Use: Scroll            |     3 |       ||     3
       Potion            |     3 |       ||     3
 Stab: Sleeping          |     1 |       ||     1
  Eat: Chunk             |     9 |     3 ||    12
Armor: Robe              |    28 |    19 ||    47
Dodge: Dodged            |    40 |    35 ||    75
Block: Buckler           |    22 |    16 ||    38
